Diables vs Harfangs (R1)

Created - November 13, 2019 at 19:56

Goals
1 2 3 T
Diables 0 2 2 4
Harfangs 1 1 1 3
Shots
1 2 3 T
Diables 9 13 13 35
Harfangs 14 8 9 31

1st period

1. Harfangs , Tyler Randell 6 (Calle Jarnkrok 11, Andreas Martinsen 9) at 8:19

Penalties :
Zac Leslie (Alm) for Hooking (Minor) at 0:54, Louis Leblanc (Alm) for Hooking (Minor) at 4:14, Dylan Olsen (BEA) for Hooking (Minor) at 18:13

2nd period

2. Diables , Brock McGinn 3 (Marc-André Bourdon 3, Mikko Lehtonen 5) at 7:20 (PP)
3. Harfangs , Calle Jarnkrok 10 (Tyler Randell 12) at 9:00
4. Diables , Mark Jankowski 2 (Christian Thomas 3, Daniel Zaar 3) at 11:01

Penalties :
Zac Leslie (Alm) for Roughing (Minor) at 2:06, Blake Heinrich (BEA) for Roughing (Minor) at 6:43, Reid McNeill (BEA) for Holding (Minor) at 15:46, Brandon Prust (Alm) for Hooking (Minor) at 17:13

3rd period

5. Diables , Brandon Prust 10 (Marc-André Bourdon 4, Tobias Rieder 7) at 3:16
6. Diables , Brandon Prust 11 (Tobias Rieder 8, Tim Schaller 3) at 4:42 (PP)
7. Harfangs , Andreas Martinsen 7 (Calle Jarnkrok 12, Tyler Randell 13) at 16:20

Penalties :
Oscar Sundqvist (BEA) for Holding Stick (Minor) at 3:55, Reid McNeill (BEA) for Cross-checking (Minor) at 5:44, Louis Leblanc (Alm) for High sticking (Minor) at 17:40

Goalie Stats

Eric Comrie (Alm), 28 saves from 31 shots - (0.903), W, 5-3-0, 60:00 minutes
Ilya Sorokin (BEA), 31 saves from 35 shots - (0.886), L, 2-1-0, 59:45 minutes

Players Stats for Diables

Player Name              G  A  P  +/- PIM S  H  SB GA TA FO     MP     PP MP  PK MP  
------------------------------------------------------------------------------------
Brandon Prust            2  0  2  -1  2   3  1  0  0  0  0/3    21:45   4:23   3:14 
Brett Lernout            0  0  0   0  0   0  0  0  0  0  0/0    10:55   0:00   1:36 
Brock McGinn             1  0  1   0  0   6  4  0  0  0  0/0    18:02   2:25   2:51 
C.J Suess                0  0  0  -1  0   0  0  0  0  1  0/0     5:16   0:00   0:00 
Carl Gunnarsson          0  0  0   0  0   0  0  1  0  0  0/0     4:49   0:00   2:04 
Chris Bigras             0  0  0  -1  0   0  2  0  0  0  0/0    16:09   0:25   3:28 
Christian Thomas         0  1  1   1  0   2  0  0  0  0  1/1    11:07   0:00   0:13 
Daniel Zaar              0  1  1   1  0   3  0  0  0  0  1/1    11:32   0:00   0:11 
Frederik Gauthier        0  0  0  -1  0   0  0  0  0  0  2/4     7:44   0:00   2:12 
Louis Leblanc            0  0  0   0  4   2  2  0  0  0  6/13   15:38   2:25   0:00 
Marc-André Bourdon       0  2  2   1  0   2  5  0  0  0  0/0    22:57   4:08   0:11 
Mark Jankowski           1  0  1   1  0   4  3  0  1  0  2/7    12:38   0:00   0:40 
Mikko Lehtonen           0  1  1   0  0   0  2  0  0  0  0/0    15:17   2:25   0:00 
Samuel Morin             0  0  0   2  0   2  0  1  1  1  0/0    26:54   4:53   4:54 
Tim Schaller             0  1  1  -2  0   6  2  2  0  0  18/36  26:56   4:24   4:40 
Tobias Rieder            0  2  2  -1  0   4  3  0  1  0  0/0    23:54   4:24   4:45 
Will Butcher             0  0  0  -2  0   1  0  3  0  0  0/0    19:13   1:41   4:09 
Zac Leslie               0  0  0  -2  4   0  1  1  0  0  0/0    19:14   2:31   2:24 

Players Stats for Harfangs

Player Name              G  A  P  +/- PIM S  H  SB GA TA FO     MP     PP MP  PK MP  
------------------------------------------------------------------------------------
Andreas Martinsen        1  1  2   3  0   4  1  0  0  1  2/2    24:12   5:00   4:11 
Blake Heinrich           0  0  0   0  2   2  1  0  0  0  0/0    10:18   0:00   0:09 
Brendan Leipsic          0  0  0   0  0   2  1  0  0  0  0/0     8:08   0:00   1:00 
Calle Jarnkrok           1  2  3   3  0   6  1  0  1  0  18/35  21:33   5:12   1:43 
Chase De Leo             0  0  0   0  0   1  0  0  0  0  0/2     7:08   0:00   0:00 
Dylan Olsen              0  0  0   1  2   2  1  1  0  0  0/0    28:38   5:34   3:35 
Jake Dotchin             0  0  0   0  0   1  1  1  0  0  0/0    20:26   3:49   2:52 
Lucas Wallmarkk          0  0  0   0  0   0  1  0  0  0  3/4     9:54   0:00   0:00 
Michael Bournival        0  0  0  -2  0   1  2  1  1  1  0/0    17:40   4:13   2:13 
Morgan Klimchuk          0  0  0   0  0   1  1  0  0  0  0/0    10:45   0:10   0:10 
Nick Sorensen            0  0  0   0  0   1  1  0  0  0  1/1     7:49   0:10   0:00 
Oscar Sundqvist          0  0  0  -2  2   2  0  0  0  0  5/11   15:19   4:01   0:10 
Reid McNeill             0  0  0   0  4   0  0  3  0  0  0/0    19:07   4:01   0:53 
Rinat Valiev             0  0  0   0  0   0  0  0  0  0  0/0    12:12   0:00   2:12 
Ryan Hartman             0  0  0  -2  0   0  0  0  0  0  0/0    15:10   4:01   0:00 
Sven Andrighetto         0  0  0   0  0   0  2  0  0  0  0/1    10:35   0:10   0:00 
Tyler Randell            1  2  3   3  0   4  2  1  0  1  6/9    24:12   5:00   4:11 
Victor Bartley           0  0  0   1  0   4  0  1  0  0  0/0    29:28   5:34   3:57 

3 Stars

1 - Tyler Randell (BEA)
2 - Calle Jarnkrok (BEA)
3 - Andreas Martinsen (BEA)

Power Play

Diables - 2 on 5 Attempt(s) - 40.00%
Harfangs - 0 on 5 Attempt(s) - 0.00%

Penalty Kill

Diables - 5 on 5 Attempt(s) - 100.00% - Score 0 goal in Penalty Kill
Harfangs - 3 on 5 Attempt(s) - 60.00% - Score 0 goal in Penalty Kill

Team Stat

Diables - Hits : 25 - Faceoff Wins : 30 - Blocked Shots : 8 - Penalty Minutes : 10
Harfangs - Hits : 15 - Faceoff Wins : 35 - Blocked Shots : 8 - Penalty Minutes : 10

Official

Referees : Unknown
Linesman : Unknown

Game Notes

Carl Gunnarsson is injured at 12:32 of 1st period (Sprained Left Ankle)
18:56 of 2nd period - Harfangs goal is going for a video replay. After video review, No Goal. The puck has been directed, batted or thrown into the net by an attacking player other than with a stick.

Finance

Level 1 -- Attendance: 1582 (79.10%) -- Ticket Income $53,788
Level 2 -- Attendance: 780 (78.00%) -- Ticket Income $14,820
Total Attendance: 2362 (78.73%)
Total Ticket Income: $68,608
Other Income: $3,430
Total Income: $72,038

Diables

5 vs 5 Forward 
   Center                   Left Wing                Right Wing               Time % Phy DF OF 
 1 Tim Schaller             Brandon Prust            Tobias Rieder            40     1   2  2  
 2 Louis Leblanc            Brock McGinn             Mikko Lehtonen           30     1   2  2  
 3 Mark Jankowski           Christian Thomas         Daniel Zaar              20     1   2  2  
 4 Frederik Gauthier        C.J Suess                Tim Schaller             10     1   2  2  

5 vs 5 Defense 
   Defense                  Defense                                           Time % Phy DF OF 
 1 Carl Gunnarsson          Samuel Morin                                      40     1   2  2  
 2 Will Butcher             Zac Leslie                                        30     1   2  2  
 3 Marc-André Bourdon       Chris Bigras                                      20     1   2  2  
 4 Brett Lernout            Carl Gunnarsson                                   10     1   2  2  

PowerPlay Forward 
   Center                   Left Wing                Right Wing               Time % Phy DF OF 
 1 Tim Schaller             Brandon Prust            Tobias Rieder            60     1   2  2  
 2 Louis Leblanc            Brock McGinn             Mikko Lehtonen           40     1   2  2  

PowerPlay Defense
   Defense                  Defense                                           Time % Phy DF OF 
 1 Carl Gunnarsson          Samuel Morin                                      60     1   2  2  
 2 Will Butcher             Zac Leslie                                        40     1   2  2  

Penalty Kill 4 Players Forward 
   Center                   Wing                     Time % Phy DF OF 
 1 Tim Schaller             Tobias Rieder            60     1   2  2  
 2 Brandon Prust            Brock McGinn             40     1   2  2  

Penalty Kill 4 Players Defense
   Defense                  Defense                  Time % Phy DF OF 
 1 Carl Gunnarsson          Samuel Morin             60     1   2  2  
 2 Will Butcher             Zac Leslie               40     1   2  2  

Penalty Kill - 3 Players Forward 
   Forward                                           Time % Phy DF OF 
 1 Tim Schaller                                      60     1   2  2  
 2 Tobias Rieder                                     40     1   2  2  

Penalty Kill - 3 Players Defense
   Defense                  Defense                  Time % Phy DF OF 
 1 Carl Gunnarsson          Samuel Morin             60     1   2  2  
 2 Will Butcher             Zac Leslie               40     1   2  2  

4 vs 4 Forward 
   Center                   Wing                     Time % Phy DF OF 
 1 Tim Schaller             Tobias Rieder            60     1   2  2  
 2 Brandon Prust            Brock McGinn             40     1   2  2  

4 vs 4 Defense
   Defense                  Defense                  Time % Phy DF OF 
 1 Carl Gunnarsson          Samuel Morin             60     1   2  2  
 2 Will Butcher             Zac Leslie               40     1   2  2  

Last Minutes Offensive
   Center                   Left Wing                Right Wing               Defense                  Defense                  
   Tim Schaller             Brandon Prust            Tobias Rieder            Carl Gunnarsson          Samuel Morin             

Last Minutes Defensive
   Center                   Left Wing                Right Wing               Defense                  Defense                  
   Tim Schaller             Brandon Prust            Tobias Rieder            Carl Gunnarsson          Samuel Morin             

Goaltenders
Starting : Eric Comrie              
Backup : Igor Shesterkin          

Extra Forwards
Normal : Mark Jankowski, Daniel Zaar, Frederik Gauthier - PP : Mark Jankowski, Daniel Zaar - PK : Frederik Gauthier
Extra Defensemen
Normal : Marc-André Bourdon, Chris Bigras, Brett Lernout - PP : Marc-André Bourdon - PK : Chris Bigras, Brett Lernout
Penalty Shots
Tim Schaller, Tobias Rieder, Brandon Prust, Brock McGinn, Mikko Lehtonen

Scratches
Stephen Harper (Healthy), Emil Djuse (Healthy), Jordan Caron (Bruised Right Leg Injury), Cole Cassels (Healthy), Jeremy Gregoire (Healthy)
Connor Hurley (Healthy), Gustav Olofsson (Healthy), Andreas Johnsson (Healthy), Brett Ritchie (Healthy), Artturi Lehkonen (Healthy)
Anders Bjork (Healthy), Nicolas Aube-Kubel (Healthy), Hunter Smith (Healthy), Garret Sparks (Healthy), Jack Campbell (Healthy)

Harfangs

5 vs 5 Forward 
   Center                   Left Wing                Right Wing               Time % Phy DF OF 
 1 Calle Jarnkrok           Andreas Martinsen        Tyler Randell            40     1   2  2  
 2 Oscar Sundqvist          Michael Bournival        Ryan Hartman             30     1   2  2  
 3 Lucas Wallmarkk          Morgan Klimchuk          Sven Andrighetto         20     1   2  2  
 4 Chase De Leo             Brendan Leipsic          Nick Sorensen            10     1   2  2  

5 vs 5 Defense 
   Defense                  Defense                                           Time % Phy DF OF 
 1 Dylan Olsen              Victor Bartley                                    40     1   2  2  
 2 Reid McNeill             Jake Dotchin                                      30     1   2  2  
 3 Blake Heinrich           Rinat Valiev                                      20     1   2  2  
 4 Dylan Olsen              Victor Bartley                                    10     1   2  2  

PowerPlay Forward 
   Center                   Left Wing                Right Wing               Time % Phy DF OF 
 1 Calle Jarnkrok           Andreas Martinsen        Tyler Randell            60     1   2  2  
 2 Oscar Sundqvist          Michael Bournival        Ryan Hartman             40     1   2  2  

PowerPlay Defense
   Defense                  Defense                                           Time % Phy DF OF 
 1 Dylan Olsen              Victor Bartley                                    60     1   2  2  
 2 Reid McNeill             Jake Dotchin                                      40     1   2  2  

Penalty Kill 4 Players Forward 
   Center                   Wing                     Time % Phy DF OF 
 1 Tyler Randell            Andreas Martinsen        60     1   2  2  
 2 Michael Bournival        Calle Jarnkrok           40     1   2  2  

Penalty Kill 4 Players Defense
   Defense                  Defense                  Time % Phy DF OF 
 1 Dylan Olsen              Victor Bartley           60     1   2  2  
 2 Reid McNeill             Jake Dotchin             40     1   2  2  

Penalty Kill - 3 Players Forward 
   Forward                                           Time % Phy DF OF 
 1 Tyler Randell                                     60     1   2  2  
 2 Andreas Martinsen                                 40     1   2  2  

Penalty Kill - 3 Players Defense
   Defense                  Defense                  Time % Phy DF OF 
 1 Dylan Olsen              Victor Bartley           60     1   2  2  
 2 Reid McNeill             Jake Dotchin             40     1   2  2  

4 vs 4 Forward 
   Center                   Wing                     Time % Phy DF OF 
 1 Tyler Randell            Andreas Martinsen        60     1   2  2  
 2 Michael Bournival        Calle Jarnkrok           40     1   2  2  

4 vs 4 Defense
   Defense                  Defense                  Time % Phy DF OF 
 1 Dylan Olsen              Victor Bartley           60     1   2  2  
 2 Reid McNeill             Jake Dotchin             40     1   2  2  

Last Minutes Offensive
   Center                   Left Wing                Right Wing               Defense                  Defense                  
   Calle Jarnkrok           Andreas Martinsen        Tyler Randell            Dylan Olsen              Victor Bartley           

Last Minutes Defensive
   Center                   Left Wing                Right Wing               Defense                  Defense                  
   Calle Jarnkrok           Andreas Martinsen        Tyler Randell            Dylan Olsen              Victor Bartley           

Goaltenders
Starting : Ilya Sorokin             
Backup : Zachary Fucale           

Extra Forwards
Normal : Sven Andrighetto, Morgan Klimchuk, Brendan Leipsic - PP : Sven Andrighetto, Morgan Klimchuk - PK : Brendan Leipsic
Extra Defensemen
Normal : Blake Heinrich, Rinat Valiev, Reid McNeill - PP : Blake Heinrich - PK : Rinat Valiev, Reid McNeill
Penalty Shots
Tyler Randell, Andreas Martinsen, Michael Bournival, Calle Jarnkrok, Oscar Sundqvist

Scratches
Cristoval Nieves (Healthy), JC Lipon (Healthy), Brenden Kichton (Healthy), Laurent Dauphin (Healthy), Mark Alt (Healthy)
Erik Nystrom (Healthy), Devon Teows (Healthy), Justin Kirkland (Healthy), Anthony Angello (Healthy), Anton Forsberg (Healthy)
Jason Kasdorf (Healthy), Mark Visentin (Healthy), Scott Wedgewood (Healthy)

% Time on Ice - Diables

Lines # - Real PCT - Wanted PCT - Time Play
Normal Forward
1 - 33% - 40% - 14:16
2 - 30% - 30% - 12:46
3 - 25% - 20% - 10:54
4 - 12% - 10% - 5:16
Normal Defense
1 - 43% - 40% - 18:23
2 - 29% - 30% - 12:25
3 - 13% - 20% - 5:37
4 - 16% - 10% - 6:47
PP Forward
1 - 65% - 60% - 4:24
2 - 35% - 40% - 2:25
PP Defense
1 - 75% - 60% - 5:08
2 - 25% - 40% - 1:41
PK Forward
1 - 70% - 60% - 6:32
2 - 30% - 40% - 2:51
PK Defense
1 - 56% - 60% - 5:14
2 - 44% - 40% - 4:09
PK3 Forward
1 - 0% - 60%
2 - 0% - 40%
PK3 Defense
1 - 0% - 60%
2 - 0% - 40%
44 Forward
1 - 100% - 60% - 0:32
2 - 0% - 40% - 0:00
44 Defense
1 - 100% - 60% - 0:32
2 - 0% - 40% - 0:00
Last Minute Offensive  - 0:00
Last Minute Defensive  - 0:04
Total
Forward - 60:00
Defense - 60:00

% Time on Ice - Harfangs

Lines # - Real PCT - Wanted PCT - Time Play
Normal Forward
1 - 35% - 40% - 15:00
2 - 26% - 30% - 11:09
3 - 23% - 20% - 9:54
4 - 17% - 10% - 7:08
Normal Defense
1 - 43% - 40% - 18:31
2 - 33% - 30% - 14:03
3 - 23% - 20% - 9:43
4 - 2% - 10% - 0:54
PP Forward
1 - 55% - 60% - 5:10
2 - 45% - 40% - 4:13
PP Defense
1 - 59% - 60% - 5:34
2 - 41% - 40% - 3:49
PK Forward
1 - 75% - 60% - 5:06
2 - 25% - 40% - 1:43
PK Defense
1 - 63% - 60% - 4:16
2 - 37% - 40% - 2:33
PK3 Forward
1 - 0% - 60%
2 - 0% - 40%
PK3 Defense
1 - 0% - 60%
2 - 0% - 40%
44 Forward
1 - 84% - 60% - 0:27
2 - 16% - 40% - 0:05
44 Defense
1 - 100% - 60% - 0:32
2 - 0% - 40% - 0:00
Last Minute Offensive  - 0:05
Last Minute Defensive  - 0:00
Total
Forward - 60:00
Defense - 60:00

Play-by-Play

1st period


0:01 of 1st period - Andreas Martinsen wins face-off versus Tim Schaller in neutral zone.
0:54 of 1st period - Minor Penalty to Zac Leslie for Hooking.
0:55 of 1st period - Tim Schaller wins face-off versus Calle Jarnkrok in Diables zone.
1:10 of 1st period - Wrist shot by Tyler Randell.
1:10 of 1st period - Deflect By Carl Gunnarsson.
1:10 of 1st period - Stopped by Eric Comrie with a rebound.
1:58 of 1st period - Ryan Hartman is hit by Brock McGinn and loses puck.
2:54 of 1st period - Penalty to Zac Leslie is over, Zac Leslie is back on ice.
2:59 of 1st period - Zac Leslie is hit by Andreas Martinsen and loses puck.
3:32 of 1st period - Slapshot by Dylan Olsen.
3:32 of 1st period - Stopped by Eric Comrie without a rebound.
3:33 of 1st period - Frederik Gauthier wins face-off versus Chase De Leo in Diables zone.
3:33 of 1st period - Frederik Gauthier is hit by Brendan Leipsic.
3:46 of 1st period - Snap shot by Brendan Leipsic.
3:46 of 1st period - Shot Misses the Net.
3:48 of 1st period - Slapshot by Blake Heinrich.
3:48 of 1st period - Stopped by Eric Comrie with a rebound.
3:50 of 1st period - Slapshot by Brendan Leipsic.
3:50 of 1st period - Stopped by Eric Comrie with a rebound.
4:04 of 1st period - Slapshot by Brendan Leipsic.
4:04 of 1st period - Stopped by Eric Comrie with a rebound.
4:06 of 1st period - Snap shot by Brendan Leipsic.
4:06 of 1st period - Shot Blocked by Tim Schaller.
4:08 of 1st period - Slapshot by Jake Dotchin.
4:08 of 1st period - Deflect By Tim Schaller.
4:08 of 1st period - Stopped by Eric Comrie without a rebound.
4:09 of 1st period - Calle Jarnkrok wins face-off versus Louis Leblanc in Diables zone.
4:12 of 1st period - Wrist shot by Calle Jarnkrok.
4:12 of 1st period - Stopped by Eric Comrie with a rebound.
4:14 of 1st period - Minor Penalty to Louis Leblanc for Hooking.
4:15 of 1st period - Calle Jarnkrok wins face-off versus Tim Schaller in Diables zone.
4:18 of 1st period - Slapshot by Calle Jarnkrok.
4:18 of 1st period - Stopped by Eric Comrie without a rebound.
4:19 of 1st period - Tim Schaller wins face-off versus Calle Jarnkrok in Diables zone.
4:26 of 1st period - Wrist shot by Calle Jarnkrok.
4:26 of 1st period - Stopped by Eric Comrie without a rebound.
4:27 of 1st period - Calle Jarnkrok wins face-off versus Tim Schaller in Diables zone.
6:14 of 1st period - Penalty to Louis Leblanc is over, Louis Leblanc is back on ice.
6:33 of 1st period - Snap shot by Mark Jankowski.
6:33 of 1st period - Stopped by Ilya Sorokin without a rebound.
6:34 of 1st period - Christian Thomas wins face-off versus Sven Andrighetto in Harfangs zone.
6:49 of 1st period - Wrist shot by Mark Jankowski.
6:49 of 1st period - Shot Misses the Net.
7:17 of 1st period - Snap shot by Chase De Leo.
7:17 of 1st period - Stopped by Eric Comrie with a rebound.
7:47 of 1st period - Icing by Will Butcher.
7:48 of 1st period - Oscar Sundqvist wins face-off versus Louis Leblanc in Diables zone.
8:19 of 1st period - Wrist shot by Tyler Randell.
8:19 of 1st period - Goal by Tyler Randell - Diables : 0 - Harfangs : 1.
8:20 of 1st period - Tim Schaller wins face-off versus Calle Jarnkrok in neutral zone.
9:34 of 1st period - Snap shot by Sven Andrighetto.
9:34 of 1st period - Shot Misses the Net.
9:48 of 1st period - Snap shot by Andreas Martinsen.
9:48 of 1st period - Stopped by Eric Comrie with a rebound.
10:48 of 1st period - Wrist shot by Brock McGinn.
10:48 of 1st period - Stopped by Ilya Sorokin without a rebound.
10:49 of 1st period - Louis Leblanc wins face-off versus Calle Jarnkrok in Harfangs zone.
11:29 of 1st period - Michael Bournival is hit by Tim Schaller and loses puck.
12:03 of 1st period - Off-side.
12:04 of 1st period - Louis Leblanc wins face-off versus Calle Jarnkrok in neutral zone.
12:04 of 1st period - Brock McGinn is hit by Tyler Randell and loses puck.
12:15 of 1st period - Wrist shot by Brock McGinn.
12:15 of 1st period - Stopped by Ilya Sorokin without a rebound.
12:16 of 1st period - Tim Schaller wins face-off versus Calle Jarnkrok in Harfangs zone.
12:28 of 1st period - Off-side.
12:29 of 1st period - Calle Jarnkrok wins face-off versus Tim Schaller in neutral zone.
12:32 of 1st period - Slapshot by Tyler Randell.
12:32 of 1st period - Shot Blocked by Carl Gunnarsson.
12:32 of 1st period - Carl Gunnarsson from Diables is injured at 12:32 of 1st period (Sprained Left Ankle).
12:33 of 1st period - Calle Jarnkrok wins face-off versus Tim Schaller in Diables zone.
12:42 of 1st period - Snap shot by Andreas Martinsen.
12:42 of 1st period - Stopped by Eric Comrie with a rebound.
12:58 of 1st period - Oscar Sundqvist is hit by Brock McGinn and loses puck.
13:03 of 1st period - Snap shot by Mikko Lehtonen.
13:03 of 1st period - Deflect By Brock McGinn.
13:03 of 1st period - Shot Blocked by Victor Bartley.
13:03 of 1st period - Puck is out of play.
13:04 of 1st period - Tim Schaller wins face-off versus Oscar Sundqvist in Harfangs zone.
13:07 of 1st period - Slapshot by Tim Schaller.
13:07 of 1st period - Stopped by Ilya Sorokin with a rebound.
13:13 of 1st period - Chris Bigras is hit by Blake Heinrich and loses puck.
13:30 of 1st period - Rinat Valiev is hit by Brock McGinn and loses puck.
13:49 of 1st period - Wrist shot by Mark Jankowski.
13:49 of 1st period - Stopped by Ilya Sorokin with a rebound.
13:51 of 1st period - Snap shot by Mark Jankowski.
13:51 of 1st period - Deflect By Christian Thomas.
13:51 of 1st period - Shot Misses the Net.
13:51 of 1st period - Puck is out of play.
13:52 of 1st period - Mark Jankowski wins face-off versus Lucas Wallmarkk in Harfangs zone.
14:03 of 1st period - Snap shot by Daniel Zaar.
14:03 of 1st period - Stopped by Ilya Sorokin with a rebound.
14:05 of 1st period - Slapshot by Samuel Morin.
14:05 of 1st period - Deflect By Daniel Zaar.
14:05 of 1st period - Shot Misses the Net.
14:05 of 1st period - Puck is out of play.
14:06 of 1st period - Tim Schaller wins face-off versus Calle Jarnkrok in Harfangs zone.
14:15 of 1st period - Snap shot by Tobias Rieder.
14:15 of 1st period - Stopped by Ilya Sorokin without a rebound.
14:16 of 1st period - Calle Jarnkrok wins face-off versus Tim Schaller in Harfangs zone.
14:35 of 1st period - Wrist shot by Calle Jarnkrok.
14:35 of 1st period - Stopped by Eric Comrie with a rebound.
15:08 of 1st period - Icing by Andreas Martinsen.
15:09 of 1st period - Louis Leblanc wins face-off versus Calle Jarnkrok in Harfangs zone.
15:18 of 1st period - Snap shot by Brock McGinn.
15:18 of 1st period - Shot Blocked by Tyler Randell.
15:22 of 1st period - Wrist shot by Brock McGinn.
15:22 of 1st period - Stopped by Ilya Sorokin with a rebound.
15:24 of 1st period - Backhand shot by Brock McGinn.
15:24 of 1st period - Stopped by Ilya Sorokin with a rebound.
15:54 of 1st period - Morgan Klimchuk is hit by Tim Schaller and loses puck.
17:25 of 1st period - Slapshot by Tobias Rieder.
17:25 of 1st period - Shot Misses the Net.
17:47 of 1st period - Calle Jarnkrok is hit by Zac Leslie and loses puck.
18:04 of 1st period - Brett Lernout is hit by Nick Sorensen and loses puck.
18:13 of 1st period - Minor Penalty to Dylan Olsen for Hooking.
18:14 of 1st period - Tim Schaller wins face-off versus Tyler Randell in Harfangs zone.
Goals for this period are 0 for Diables vs 1 for Harfangs.
Shots for this period are 9 for Diables vs 14 for Harfangs.

2nd period


0:01 of 2nd period - Tyler Randell wins face-off versus Tim Schaller in neutral zone.
0:13 of 2nd period - Penalty to Dylan Olsen is over, Dylan Olsen is back on ice.
0:17 of 2nd period - Icing by Brandon Prust.
0:18 of 2nd period - Tim Schaller wins face-off versus Oscar Sundqvist in Diables zone.
1:03 of 2nd period - Jake Dotchin is hit by Tobias Rieder and loses puck.
1:21 of 2nd period - Slapshot by Tim Schaller.
1:21 of 2nd period - Stopped by Ilya Sorokin with a rebound.
1:23 of 2nd period - Slapshot by Brandon Prust.
1:23 of 2nd period - Shot Misses the Net.
1:25 of 2nd period - Slapshot by Marc-André Bourdon.
1:25 of 2nd period - Shot Blocked by Reid McNeill.
1:27 of 2nd period - Snap shot by Brandon Prust.
1:27 of 2nd period - Shot Blocked by Reid McNeill.
1:29 of 2nd period - Slapshot by Samuel Morin.
1:29 of 2nd period - Shot Misses the Net.
1:31 of 2nd period - Snap shot by Brandon Prust.
1:31 of 2nd period - Stopped by Ilya Sorokin with a rebound.
1:33 of 2nd period - Slapshot by Marc-André Bourdon.
1:33 of 2nd period - Shot Blocked by Jake Dotchin.
1:35 of 2nd period - Snap shot by Marc-André Bourdon.
1:35 of 2nd period - Stopped by Ilya Sorokin with a rebound.
1:37 of 2nd period - Snap shot by Tim Schaller.
1:37 of 2nd period - Stopped by Ilya Sorokin without a rebound.
1:38 of 2nd period - Louis Leblanc wins face-off versus Calle Jarnkrok in Harfangs zone.
1:39 of 2nd period - Snap shot by Brock McGinn.
1:39 of 2nd period - Shot Misses the Net.
1:49 of 2nd period - Slapshot by Victor Bartley.
1:49 of 2nd period - Stopped by Eric Comrie without a rebound.
1:50 of 2nd period - Calle Jarnkrok wins face-off versus Louis Leblanc in Diables zone.
1:57 of 2nd period - Wrist shot by Andreas Martinsen.
1:57 of 2nd period - Deflect By Tyler Randell.
1:57 of 2nd period - Shot Blocked by Will Butcher.
1:57 of 2nd period - Puck is out of play.
1:58 of 2nd period - Calle Jarnkrok wins face-off versus Louis Leblanc in Diables zone.
2:01 of 2nd period - Snap shot by Andreas Martinsen.
2:01 of 2nd period - Stopped by Eric Comrie with a rebound.
2:03 of 2nd period - Wrist shot by Calle Jarnkrok.
2:03 of 2nd period - Stopped by Eric Comrie without a rebound.
2:04 of 2nd period - Louis Leblanc wins face-off versus Calle Jarnkrok in Diables zone.
2:06 of 2nd period - Minor Penalty to Zac Leslie for Roughing.
2:07 of 2nd period - Tim Schaller wins face-off versus Calle Jarnkrok in Diables zone.
4:06 of 2nd period - Penalty to Zac Leslie is over, Zac Leslie is back on ice.
4:16 of 2nd period - Slapshot by Mikko Lehtonen.
4:16 of 2nd period - Shot Misses the Net.
4:30 of 2nd period - Icing by Blake Heinrich.
4:31 of 2nd period - Nick Sorensen wins face-off versus Mark Jankowski in Harfangs zone.
4:31 of 2nd period - Nick Sorensen is hit by Marc-André Bourdon.
4:42 of 2nd period - Slapshot by Samuel Morin.
4:42 of 2nd period - Stopped by Ilya Sorokin without a rebound.
4:43 of 2nd period - Tim Schaller wins face-off versus Calle Jarnkrok in Harfangs zone.
4:52 of 2nd period - Snap shot by Tobias Rieder.
4:52 of 2nd period - Stopped by Ilya Sorokin with a rebound.
5:30 of 2nd period - Slapshot by Victor Bartley.
5:30 of 2nd period - Stopped by Eric Comrie with a rebound.
5:54 of 2nd period - Chase De Leo is hit by Chris Bigras.
6:14 of 2nd period - Tim Schaller is hit by Calle Jarnkrok and loses puck.
6:21 of 2nd period - Snap shot by Tyler Randell.
6:21 of 2nd period - Stopped by Eric Comrie without a rebound.
6:22 of 2nd period - Oscar Sundqvist wins face-off versus Tim Schaller in Diables zone.
6:25 of 2nd period - Wrist shot by Michael Bournival.
6:25 of 2nd period - Shot Blocked by Zac Leslie.
6:43 of 2nd period - Minor Penalty to Blake Heinrich for Roughing.
6:44 of 2nd period - Tyler Randell wins face-off versus Tim Schaller in Harfangs zone.
7:18 of 2nd period - Slapshot by Marc-André Bourdon.
7:18 of 2nd period - Shot Misses the Net.
7:20 of 2nd period - Slapshot by Brock McGinn.
7:20 of 2nd period - Goal by Brock McGinn - Diables : 1 - Harfangs : 1.
7:21 of 2nd period - Tyler Randell wins face-off versus Brandon Prust in neutral zone.
8:52 of 2nd period - Off-side.
8:53 of 2nd period - Calle Jarnkrok wins face-off versus Frederik Gauthier in neutral zone.
8:58 of 2nd period - Wrist shot by Tyler Randell.
8:58 of 2nd period - Shot Misses the Net.
9:00 of 2nd period - Snap shot by Calle Jarnkrok.
9:00 of 2nd period - Goal by Calle Jarnkrok - Diables : 1 - Harfangs : 2.
9:01 of 2nd period - Calle Jarnkrok wins face-off versus Brandon Prust in neutral zone.
9:34 of 2nd period - Victor Bartley is hit by Louis Leblanc and loses puck.
9:53 of 2nd period - Lucas Wallmarkk is hit by Mark Jankowski and loses puck.
10:51 of 2nd period - Backhand shot by Daniel Zaar.
10:51 of 2nd period - Shot Blocked by Reid McNeill.
10:53 of 2nd period - Snap shot by Daniel Zaar.
10:53 of 2nd period - Stopped by Ilya Sorokin with a rebound.
10:59 of 2nd period - Wrist shot by Christian Thomas.
10:59 of 2nd period - Shot Blocked by Michael Bournival.
11:01 of 2nd period - Wrist shot by Mark Jankowski.
11:01 of 2nd period - Goal by Mark Jankowski - Diables : 2 - Harfangs : 2.
11:02 of 2nd period - Calle Jarnkrok wins face-off versus Tim Schaller in neutral zone.
11:11 of 2nd period - Wrist shot by Calle Jarnkrok.
11:11 of 2nd period - Shot Misses the Net.
11:27 of 2nd period - Brandon Prust is hit by Morgan Klimchuk and loses puck.
11:52 of 2nd period - Snap shot by Tim Schaller.
11:52 of 2nd period - Stopped by Ilya Sorokin without a rebound.
11:53 of 2nd period - Calle Jarnkrok wins face-off versus Louis Leblanc in Harfangs zone.
12:20 of 2nd period - Samuel Morin is hit by Michael Bournival.
12:24 of 2nd period - Oscar Sundqvist is hit by Mark Jankowski and loses puck.
13:26 of 2nd period - Snap shot by Brandon Prust.
13:26 of 2nd period - Deflect By Tobias Rieder.
13:26 of 2nd period - Shot Misses the Net.
13:26 of 2nd period - Puck is out of play.
13:27 of 2nd period - Calle Jarnkrok wins face-off versus Mark Jankowski in Harfangs zone.
14:25 of 2nd period - Marc-André Bourdon is hit by Lucas Wallmarkk and loses puck.
14:38 of 2nd period - Wrist shot by Christian Thomas.
14:38 of 2nd period - Stopped by Ilya Sorokin without a rebound.
14:39 of 2nd period - Daniel Zaar wins face-off versus Calle Jarnkrok in Harfangs zone.
14:42 of 2nd period - Wrist shot by Mark Jankowski.
14:42 of 2nd period - Shot Misses the Net.
14:44 of 2nd period - Snap shot by Will Butcher.
14:44 of 2nd period - Stopped by Ilya Sorokin without a rebound.
14:45 of 2nd period - Tim Schaller wins face-off versus Calle Jarnkrok in Harfangs zone.
15:46 of 2nd period - Minor Penalty to Reid McNeill for Holding.
15:47 of 2nd period - Tyler Randell wins face-off versus Tim Schaller in Harfangs zone.
15:47 of 2nd period - Tyler Randell is hit by Tobias Rieder.
16:01 of 2nd period - Andreas Martinsen is hit by Marc-André Bourdon and loses puck.
17:13 of 2nd period - Minor Penalty to Brandon Prust for Hooking.
17:14 of 2nd period - Tim Schaller wins face-off versus Tyler Randell in Diables zone.
17:46 of 2nd period - Penalty to Reid McNeill is over, Reid McNeill is back on ice.
18:05 of 2nd period - Snap shot by Oscar Sundqvist.
18:05 of 2nd period - Shot Misses the Net.
18:07 of 2nd period - Snap shot by Victor Bartley.
18:07 of 2nd period - Shot Blocked by Will Butcher.
18:09 of 2nd period - Slapshot by Victor Bartley.
18:09 of 2nd period - Stopped by Eric Comrie with a rebound.
18:38 of 2nd period - Icing by Jake Dotchin.
18:39 of 2nd period - Calle Jarnkrok wins face-off versus Frederik Gauthier in Harfangs zone.
18:54 of 2nd period - Slapshot by Reid McNeill.
18:54 of 2nd period - Shot Misses the Net.
18:56 of 2nd period - Backhand shot by Tyler Randell.
18:56 of 2nd period - Harfangs goal is going for a video replay.
18:56 of 2nd period - The goal is refused. The puck has been directed, batted or thrown into the net by an attacking player other than with a stick..
18:57 of 2nd period - Tim Schaller wins face-off versus Oscar Sundqvist in Diables zone.
19:13 of 2nd period - Penalty to Brandon Prust is over, Brandon Prust is back on ice.
19:28 of 2nd period - Mikko Lehtonen is hit by Sven Andrighetto and loses puck.
19:53 of 2nd period - Snap shot by Mark Jankowski.
19:53 of 2nd period - Stopped by Ilya Sorokin without a rebound.
19:54 of 2nd period - Oscar Sundqvist wins face-off versus Brandon Prust in Harfangs zone.
Goals for this period are 2 for Diables vs 1 for Harfangs.
Shots for this period are 13 for Diables vs 8 for Harfangs.

3rd period


0:01 of 3rd period - Tyler Randell wins face-off versus Tim Schaller in neutral zone.
0:01 of 3rd period - Andreas Martinsen is hit by Marc-André Bourdon and loses puck.
0:16 of 3rd period - Snap shot by Tyler Randell.
0:16 of 3rd period - Shot Misses the Net.
0:28 of 3rd period - Slapshot by Victor Bartley.
0:28 of 3rd period - Stopped by Eric Comrie without a rebound.
0:29 of 3rd period - Lucas Wallmarkk wins face-off versus Louis Leblanc in Diables zone.
0:44 of 3rd period - Snap shot by Louis Leblanc.
0:44 of 3rd period - Stopped by Ilya Sorokin with a rebound.
1:06 of 3rd period - Snap shot by Daniel Zaar.
1:06 of 3rd period - Deflect By Mark Jankowski.
1:06 of 3rd period - Shot Misses the Net.
1:06 of 3rd period - Puck is out of play.
1:07 of 3rd period - Tim Schaller wins face-off versus Oscar Sundqvist in Harfangs zone.
1:57 of 3rd period - Brett Lernout is hit by Sven Andrighetto and loses puck.
2:04 of 3rd period - Snap shot by Sven Andrighetto.
2:04 of 3rd period - Shot Misses the Net.
2:18 of 3rd period - Snap shot by Nick Sorensen.
2:18 of 3rd period - Stopped by Eric Comrie with a rebound.
2:20 of 3rd period - Slapshot by Blake Heinrich.
2:20 of 3rd period - Deflect By Nick Sorensen.
2:20 of 3rd period - Shot Blocked by Samuel Morin.
2:20 of 3rd period - Puck is out of play.
2:21 of 3rd period - Frederik Gauthier wins face-off versus Chase De Leo in Diables zone.
2:32 of 3rd period - Slapshot by Tim Schaller.
2:32 of 3rd period - Shot Misses the Net.
2:34 of 3rd period - Snap shot by Tim Schaller.
2:34 of 3rd period - Shot Misses the Net.
2:36 of 3rd period - Snap shot by Tim Schaller.
2:36 of 3rd period - Stopped by Ilya Sorokin with a rebound.
2:56 of 3rd period - Snap shot by Brock McGinn.
2:56 of 3rd period - Shot Misses the Net.
3:12 of 3rd period - Slapshot by Tobias Rieder.
3:12 of 3rd period - Stopped by Ilya Sorokin with a rebound.
3:14 of 3rd period - Snap shot by Marc-André Bourdon.
3:14 of 3rd period - Stopped by Ilya Sorokin with a rebound.
3:16 of 3rd period - Snap shot by Brandon Prust.
3:16 of 3rd period - Goal by Brandon Prust - Diables : 3 - Harfangs : 2.
3:17 of 3rd period - Tim Schaller wins face-off versus Calle Jarnkrok in neutral zone.
3:20 of 3rd period - Snap shot by Brandon Prust.
3:20 of 3rd period - Shot Misses the Net.
3:22 of 3rd period - Snap shot by Tim Schaller.
3:22 of 3rd period - Shot Misses the Net.
3:42 of 3rd period - Michael Bournival is hit by Marc-André Bourdon and loses puck.
3:53 of 3rd period - Wrist shot by Mikko Lehtonen.
3:53 of 3rd period - Shot Misses the Net.
3:55 of 3rd period - Minor Penalty to Oscar Sundqvist for Holding Stick.
3:56 of 3rd period - Tyler Randell wins face-off versus Tim Schaller in Harfangs zone.
4:04 of 3rd period - Off-side.
4:05 of 3rd period - Andreas Martinsen wins face-off versus Tim Schaller in neutral zone.
4:40 of 3rd period - Slapshot by Tobias Rieder.
4:40 of 3rd period - Shot Misses the Net.
4:42 of 3rd period - Wrist shot by Brandon Prust.
4:42 of 3rd period - Goal by Brandon Prust - Diables : 4 - Harfangs : 2.
4:43 of 3rd period - Louis Leblanc wins face-off versus Oscar Sundqvist in neutral zone.
4:48 of 3rd period - Dylan Olsen is hit by Mikko Lehtonen and loses puck.
4:57 of 3rd period - Wrist shot by Louis Leblanc.
4:57 of 3rd period - Stopped by Ilya Sorokin with a rebound.
5:19 of 3rd period - Wrist shot by Tobias Rieder.
5:19 of 3rd period - Shot Blocked by Dylan Olsen.
5:31 of 3rd period - Snap shot by Andreas Martinsen.
5:31 of 3rd period - Shot Misses the Net.
5:33 of 3rd period - Snap shot by Morgan Klimchuk.
5:33 of 3rd period - Deflect By Sven Andrighetto.
5:33 of 3rd period - Shot Misses the Net.
5:33 of 3rd period - Puck is out of play.
5:34 of 3rd period - Lucas Wallmarkk wins face-off versus Mark Jankowski in Diables zone.
5:39 of 3rd period - Snap shot by Morgan Klimchuk.
5:39 of 3rd period - Stopped by Eric Comrie without a rebound.
5:40 of 3rd period - Tim Schaller wins face-off versus Calle Jarnkrok in Diables zone.
5:44 of 3rd period - Minor Penalty to Reid McNeill for Cross-checking.
5:45 of 3rd period - Tim Schaller wins face-off versus Tyler Randell in Harfangs zone.
6:11 of 3rd period - Tyler Randell is hit by Louis Leblanc and loses puck.
7:18 of 3rd period - Dylan Olsen is hit by Brandon Prust and loses puck.
7:44 of 3rd period - Penalty to Reid McNeill is over, Reid McNeill is back on ice.
7:49 of 3rd period - Jake Dotchin is hit by Marc-André Bourdon and loses puck.
10:22 of 3rd period - Morgan Klimchuk is hit by Mark Jankowski and loses puck.
10:33 of 3rd period - Brett Lernout is hit by Dylan Olsen and loses puck.
11:29 of 3rd period - C.J Suess is hit by Michael Bournival and loses puck.
12:46 of 3rd period - Off-side.
12:47 of 3rd period - Calle Jarnkrok wins face-off versus Louis Leblanc in neutral zone.
12:56 of 3rd period - Calle Jarnkrok is hit by Mikko Lehtonen and loses puck.
13:15 of 3rd period - Snap shot by Michael Bournival.
13:15 of 3rd period - Shot Blocked by Tim Schaller.
13:17 of 3rd period - Snap shot by Oscar Sundqvist.
13:17 of 3rd period - Deflect By Michael Bournival.
13:17 of 3rd period - Stopped by Eric Comrie without a rebound.
13:18 of 3rd period - Mark Jankowski wins face-off versus Calle Jarnkrok in Diables zone.
13:18 of 3rd period - Mark Jankowski is hit by Tyler Randell.
13:45 of 3rd period - Ryan Hartman is hit by Brock McGinn and loses puck.
13:52 of 3rd period - Wrist shot by Brock McGinn.
13:52 of 3rd period - Stopped by Ilya Sorokin without a rebound.
13:53 of 3rd period - Tim Schaller wins face-off versus Oscar Sundqvist in Harfangs zone.
13:54 of 3rd period - Wrist shot by Tobias Rieder.
13:54 of 3rd period - Stopped by Ilya Sorokin without a rebound.
13:55 of 3rd period - Oscar Sundqvist wins face-off versus Tim Schaller in Harfangs zone.
13:55 of 3rd period - Oscar Sundqvist is hit by Tobias Rieder.
14:46 of 3rd period - Wrist shot by Daniel Zaar.
14:46 of 3rd period - Stopped by Ilya Sorokin with a rebound.
14:48 of 3rd period - Backhand shot by Christian Thomas.
14:48 of 3rd period - Stopped by Ilya Sorokin with a rebound.
14:50 of 3rd period - Slapshot by Samuel Morin.
14:50 of 3rd period - Stopped by Ilya Sorokin with a rebound.
15:16 of 3rd period - Slapshot by Oscar Sundqvist.
15:16 of 3rd period - Shot Blocked by Will Butcher.
15:18 of 3rd period - Wrist shot by Oscar Sundqvist.
15:18 of 3rd period - Stopped by Eric Comrie with a rebound.
15:20 of 3rd period - Slapshot by Oscar Sundqvist.
15:20 of 3rd period - Stopped by Eric Comrie without a rebound.
15:21 of 3rd period - Oscar Sundqvist wins face-off versus Mark Jankowski in Diables zone.
16:12 of 3rd period - Wrist shot by Calle Jarnkrok.
16:12 of 3rd period - Shot Misses the Net.
16:14 of 3rd period - Slapshot by Blake Heinrich.
16:14 of 3rd period - Stopped by Eric Comrie without a rebound.
16:15 of 3rd period - Calle Jarnkrok wins face-off versus Tim Schaller in Diables zone.
16:20 of 3rd period - Snap shot by Andreas Martinsen.
16:20 of 3rd period - Goal by Andreas Martinsen - Diables : 4 - Harfangs : 3.
16:21 of 3rd period - Lucas Wallmarkk wins face-off versus Tim Schaller in neutral zone.
16:24 of 3rd period - Snap shot by Dylan Olsen.
16:24 of 3rd period - Stopped by Eric Comrie with a rebound.
16:26 of 3rd period - Snap shot by Lucas Wallmarkk.
16:26 of 3rd period - Shot Misses the Net.
16:44 of 3rd period - Icing by Dylan Olsen.
16:45 of 3rd period - Calle Jarnkrok wins face-off versus Mark Jankowski in Harfangs zone.
16:54 of 3rd period - Wrist shot by Calle Jarnkrok.
16:54 of 3rd period - Shot Hit the Post.
17:21 of 3rd period - Snap shot by Tim Schaller.
17:21 of 3rd period - Stopped by Ilya Sorokin with a rebound.
17:40 of 3rd period - Minor Penalty to Louis Leblanc for High sticking.
17:41 of 3rd period - Calle Jarnkrok wins face-off versus Tim Schaller in Diables zone.
18:09 of 3rd period - Slapshot by Dylan Olsen.
18:09 of 3rd period - Shot Misses the Net.
19:20 of 3rd period - Jake Dotchin is hit by Chris Bigras.
19:40 of 3rd period - Penalty to Louis Leblanc is over, Louis Leblanc is back on ice.
19:42 of 3rd period - Brandon Prust is hit by Jake Dotchin and loses puck.
19:45 of 3rd period - Harfangs, Ilya Sorokin is pulled from the net.
Goals for this period are 2 for Diables vs 1 for Harfangs.
Shots for this period are 13 for Diables vs 9 for Harfangs.